 Dungeon Crawl Stone Soup version 0.28.0-49-g6dfe1f597d (webtiles) character file.

Game seed: 10571130861898846352

608 styxcanada the Covert (level 7, 0/35 HPs)
             Began as a Spriggan Brigand on May 12, 2022.
             Slain by a wyvern zombie (10 damage)
             ... on level 5 of the Dungeon.
             The game lasted 00:18:58 (4918 turns).

styxcanada the Covert (Spriggan Brigand)            Turns: 4918, Time: 00:18:58

Health: 0/35       AC:  3    Str:  7    XL:     7   Next: 19%
Magic:  9/9        EV: 18    Int: 13    God:
Gold:   253        SH:  0    Dex: 18    Spells: 5/8 levels left

rFire   . . .      SeeInvis +   v - +1 dagger (venom)
rCold   . . .      Faith    .   (no shield)
rNeg    . . .      Spirit   .   b - +0 robe
rPois   .          Reflect  .   (helmet restricted)
rElec   .          Harm     .   c - +0 cloak
rCorr   +          Rampage  .   (gloves unavailable)
Will    +....                   (boots unavailable)
Stlth   ++++......              (no amulet)
HPRegen 0.11/turn               h - ring of wizardry
MPRegen 0.11/turn               z - ring of resist corrosion

@: very quick
A: very small, no large weapons, unfitting armour, see invisible, speed 3
a: no special abilities


You were on level 5 of the Dungeon.
You visited 1 branch of the dungeon, and saw 5 of its levels.

You collected 253 gold pieces.

Inventory:

Hand Weapons
 a - a +2 dagger of electrocution
 k - a +0 dagger of freezing
 p - a +0 hunting sling
 v - a +1 dagger of venom (weapon)
Missiles
 d - 68 sling bullets
 e - a curare-tipped dart
 m - 10 poisoned darts (quivered)
 o - 104 stones
 w - 2 boomerangs
Armour
 b - a +0 robe (worn)
 c - a +0 cloak (worn)
Jewellery
 h - a ring of wizardry (left hand)
 z - a ring of resist corrosion (right hand)
Wands
 g - a wand of digging (6)
 s - a wand of iceblast (6)
 x - a wand of flame (11)
Scrolls
 u - a scroll of immolation
 y - a scroll of enchant weapon {unknown}
Potions
 f - 2 potions of flight
 i - 2 potions of curing
 j - 2 potions of haste
 l - 2 potions of heal wounds {unknown}
 n - 2 potions of mutation {unknown}
 q - a potion of berserk rage {unknown}
 r - a potion of brilliance {unknown}
 t - a potion of ambrosia {unknown}


   Skills:
 * Level 2.5 Fighting
 + Level 3.8 Short Blades
 + Level 3.0 Throwing
 * Level 3.8 Dodging
 * Level 9.3 Stealth
 * Level 1.3 Spellcasting
 * Level 0.6 Conjurations
 * Level 1.0 Air Magic
 * Level 1.1 Poison Magic
 * Level 1.5 Evocations


You had 5 spell levels left.
You knew the following spells:

 Your Spells              Type           Power      Damage    Failure   Level
a - Mephitic Cloud        Conj/Pois/Air  3%         N/A       22%         3

Your spell library contained the following spells:

 Spells                   Type           Power      Damage    Failure   Level
 Animate Skeleton         Necr           0%         N/A       12%         1
 Apportation              Tloc           0%         N/A       12%         1
 Summon Small Mammal      Summ           0%         N/A       12%         1
 Ensorcelled Hibernation  Hex/Ice        0%         N/A       16%         2
 Passwall                 Tmut/Erth      0%         N/A       16%         2
 Swiftness                Air            3%         N/A       21%         3
 Ignite Poison            Fire/Tmut/Pois 1%         N/A       26%         3
 Freezing Cloud           Conj/Ice/Air   1%         6-21      91%         5


Dungeon Overview and Level Annotations

Branches:
Dungeon (5/15)
 Temple: D:4-7

Altars:

Annotations:
D:5 Dowan, Duvessa


Innate Abilities, Weirdness & Mutations

You are very small and have problems with some larger weapons.
You are too small for most types of armour.
You have supernaturally acute eyesight. (SInv)
You cover ground extremely quickly. (Speed+++)


Message History

Duvessa closely misses you.
Found a fizzy red potion.
Dowan mumbles some strange words.
Dowan blinks!
Throw: 12 darts (poison)
Press: ? - help, Q - select action, (/) - cycle Shift-Dir - straight line, f/p - Duvessa
Aim: Duvessa, wielding a +1 rapier of venom and wearing a +2 leather armour of willpower (fast, poisoned, 66% to hit)
You throw a poisoned dart.
The poisoned dart barely misses Duvessa.
Duvessa hits you with a +1 rapier of venom!
You are poisoned.
You feel very sick.
You feel sick.
You feel sick.
Duvessa says, "When magic and the sword combine, nothing stands against them."
You feel sick.
You feel sick.
You feel sick.
Throw: 11 darts (poison)
Press: ? - help, Q - select action, (/) - cycle Shift-Dir - straight line, f/p - Duvessa
Aim: Duvessa, wielding a +1 rapier of venom and wearing a +2 leather armour of willpower (lightly wounded, fast, poisoned, 66% to hit)
You throw a poisoned dart.
The poisoned dart barely misses Duvessa.
The poisoned dart hits Dowan.
Dowan looks even sicker.
Dowan is heavily wounded.
You feel sick.
Duvessa looks more healthy.
Dowan says, "Stay away from my face!"
A hound skeleton comes into view.
A phantom comes into view.
You feel sick.
You feel sick.
Found 15 gold pieces.
Found an escape hatch in the floor.
You feel sick.
You feel sick.
A wyvern zombie comes into view.
You feel sick.
You feel sick.
You are no longer poisoned.
The wyvern zombie barely misses you. The wyvern zombie bites you!
You die...

##### #<#.## # #.#..#.#
#########
#.##.#..#.######....>.$#######
................@Ze...........
####.#..#.######............#
.....#..#.# #....WZ......#
..#.......# ######.......#
..#.##..##### #.......#
..#....(.(..# #######.......#
....#.#.###.###.........#####
:...........(...e............
.e#.#...###.###.#######.#####


You could see Duvessa (fast), a phantom, a wyvern zombie and a hound skeleton.

Vanquished Creatures
  A necrophage (D:4)
  2 scorpions (D:4)
  A water moccasin skeleton (D:4)
  A hound (D:4)
  Jessica (D:2)
  Natasha (thrice) (D:3)
  An iguana (D:4)
  3 hound skeletons (D:4)
  Robin (D:2)
  5 adders
  An ufetubus (D:4)
  3 dart slugs
  An orc (D:4)
  9 ball pythons
  3 bats
  A bat zombie (D:2)
  4 endoplasms
  A giant cockroach (D:2)
  16 goblins
  10 hobgoblins
  4 jackals
  5 quokkas
  A jackal zombie (D:2)
  11 kobolds
  4 rats (D:1)
93 creatures vanquished.

Vanquished Creatures (others)
  2 withered plants (D:2)
2 creatures vanquished.

Grand Total: 95 creatures vanquished

Notes
Turn   | Place    | Note
-------+----------+-------------------------------------------
     0 | D:1      | styxcanada the Spriggan Brigand began the quest for the
                  | Orb.
     0 | D:1      | Reached XP level 1. HP: 10/10 MP: 2/2
    20 | D:1      | Reached skill level 6 in Stealth
   267 | D:1      | Reached XP level 2. HP: 9/14 MP: 3/3
  1535 | D:2      | Reached skill level 7 in Stealth
  1538 | D:2      | Reached XP level 3. HP: 18/18 MP: 4/4
  1548 | D:2      | Noticed Robin
  1570 | D:2      | Killed Robin
  1633 | D:2      | Noticed Jessica
  1640 | D:2      | Killed Jessica
  1641 | D:2      | Reached XP level 4. HP: 19/23 MP: 5/5
  2075 | D:2      | Found a faded altar of an unknown god.
  2810 | D:3      | Noticed Natasha
  2870 | D:3      | Killed Natasha
  2871 | D:3      | Reached XP level 5. HP: 15/26 MP: 6/6
  2903 | D:3      | Noticed Natasha
  2910 | D:3      | Killed Natasha
  2911 | D:3      | Reached skill level 8 in Stealth
  3124 | D:3      | Noticed Natasha
  3142 | D:3      | Killed Natasha
  3428 | D:4      | Reached XP level 6. HP: 30/30 MP: 7/7
  3577 | D:4      | Learned a level 3 spell: Mephitic Cloud
  3912 | D:4      | Reached skill level 1 in Evocations
  4304 | D:4      | Reached skill level 9 in Stealth
  4473 | D:4      | Reached skill level 1 in Spellcasting
  4473 | D:4      | Reached XP level 7. HP: 23/35 MP: 9/9
  4627 | D:4      | Reached skill level 1 in Air Magic
  4627 | D:4      | Reached skill level 1 in Poison Magic
  4864 | D:5      | Entered Level 5 of the Dungeon
  4878 | D:5      | Noticed Dowan
  4881 | D:5      | Noticed Duvessa
  4918 | D:5      | Slain by a wyvern zombie

Illustrated notes

Levels and vault maps discovered:
D:1:      dpeg_arrival_boxorama, layout_basic
D:2:      layout_rooms, basic_ecumenical_altar, serial_undead, serial_undead_e,
          serial_undead_f, serial_undead_b, serial_undead_f,
          kennysheep_nondescript, uniq_jessica, uniq_robin
D:3:      layout_rooms, kennysheep_generic_room_4, uniq_natasha
D:4:      minmay_wonky_spiral, layout_loops_ring, fountainhead,
          minmay_misc_feat_cross, kennysheep_generic_room_2
D:5:      layout_basic, portal_sewer_entry_b, uniq_duvessa

Skill      XL: |  1  2  3  4  5  6  7 |
---------------+----------------------+-----
Stealth        | 6 7 8 9 |  9.3
Dodging        | 2 3 |  3.8
Fighting       | 2 |  2.5
Short Blades   | 3 |  3.8
Evocations     | 1 |  1.5
Spellcasting   | 1 |  1.3
Throwing       | 3 |  3.0
Air Magic      | 1 |  1.0
Poison Magic   | 1 |  1.1
Conjurations   | |  0.6

Action                   |  1- 3 |  4- 6 |  7- 9 || total
-------------------------+-------+-------+-------++-------
Melee: Dagger            |   114 |   132 |    12 ||   258
       Punch             |       |     1 |       ||     1
Throw: Dart              |    14 |    25 |     3 ||    42
  Use: Scroll            |       |     7 |     1 ||     8
 Stab: Sleeping          |     9 |    10 |     5 ||    24
       Distracted        |       |     1 |       ||     1
Armor: Robe              |    15 |    21 |       ||    36
Dodge: Dodged            |    71 |    80 |     9 ||   160
